 Dungeon Crawl Stone Soup version 0.31-a0-365-gcf821cafb2 (webtiles) character file.

Game seed: 9662896793403496939

114 porpoise the Chopper (level 4, -2/41 HPs)
             Began as a Hill Orc Monk on July 28, 2023.
             Killed from afar by Natasha (8 damage)
             ... with a magic dart
             ... on level 2 of the Dungeon.
             The game lasted 00:05:37 (1423 turns).

porpoise the Chopper (Hill Orc Monk)                Turns: 1423, Time: 00:05:38

Health: -2/41      AC:  4    Str: 15    XL:     4   Next: 97%
Magic:  4/4        EV: 17    Int: 10    God:
Gold:   82         SH:  4    Dex: 13    Spells: 3/3 levels left

rFire   . . .        a - +0 hand axe
rCold   . . .        h - +0 buckler
rNeg    + . .        m - +2 robe {Will+}
rPois   .            (no helmet)
rElec   .            (no cloak)
rCorr   .            (no gloves)
SInv    .            (no boots)
Will    +....        (no amulet)
Stlth   +            p - +5 ring of evasion
HPRegen 0.26/turn    o - ring of positive energy
MPRegen 0.09/turn

%: no passive effects
@: no status effects
A: no striking features
a: no special abilities


You were on level 2 of the Dungeon.
You visited 1 branch of the dungeon, and saw 2 of its levels.

You collected 82 gold pieces.

Inventory:

Hand Weapons
 a - a +0 hand axe (weapon)
Armour
 d - an orb of light
 h - a +0 buckler (worn)
 m - a +2 robe of willpower (worn)
Jewellery
 n - a +6 ring of strength
 o - a ring of positive energy (right hand)
 p - a +5 ring of evasion (left hand)
Scrolls
 b - a scroll of vulnerability {unknown}
 e - 4 scrolls of identify {unknown}
 f - 2 scrolls of amnesia {unknown}
 g - a scroll of fog {unknown}
 i - a scroll of enchant armour {unknown}
 j - a scroll of immolation {unknown}
 k - 4 scrolls of teleportation {unknown}
Potions
 c - a potion of ambrosia
 l - a potion of curing {unknown}
 q - a potion of enlightenment {unknown}


   Skills:
 + Level 4.8 Fighting
 * Level 6.2 Axes
 - Level 2.4 Dodging


You had 3 spell levels left.
You didn't know any spells.
Your spell library was empty.

Dungeon Overview and Level Annotations

Branches:
Dungeon (2/15)

Altars:

Annotations:
D:2 Natasha


Message History

You kill the orc!
Natasha mumbles some strange words.
Natasha glows brightly for a moment.
Natasha mumbles some strange words.
You hit Natasha.
Natasha is heavily wounded.
You closely miss the cerulean imp. Natasha closely misses you.
The cerulean imp closely misses you.
You closely miss Natasha.
Natasha is heavily wounded.
You hit the cerulean imp. You block Natasha's attack.
The cerulean imp hits you but does no damage.
You hit Natasha but do no damage.
Natasha is heavily wounded.
You hit the kobold.
You kill the kobold!
You hit the cerulean imp. Natasha closely misses you.
You block the cerulean imp's attack.
You closely miss Natasha.
Natasha is heavily wounded.
You barely miss the cerulean imp. Natasha completely misses you.
The cerulean imp hits you with a +1 spear.
* * * LOW HITPOINT WARNING * * *
You hit Natasha.
Natasha is severely wounded.
You closely miss the cerulean imp. Natasha closely misses you.
The cerulean imp misses you.
You closely miss Natasha.
Natasha is severely wounded.
You hit the cerulean imp. Natasha misses you.
The cerulean imp hits you with a +1 spear.
* * * LOW HITPOINT WARNING * * *
Okay, then.
You hit Natasha but do no damage.
Natasha is severely wounded.
You hit the cerulean imp but do no damage.
Natasha closely misses you. The cerulean imp barely misses you.
Natasha stares at you and mumbles some strange words.
The magic dart hits you!
You die...

#............<...
#.........h......
#....>...#.......
####................
....................
.###########.######
## #.# #.#######
#...h@).# ##.#5##)#
#.##'##.# ... ~~~#K#
###.'~~~'.#
###~~~#.# ##'##.#
#....#


You could see Natasha and a cerulean imp (summoned).

Vanquished Creatures
  Natasha (twice) (D:2)
  2 adders (D:2)
  A worm (D:2)
  3 dart slugs (D:1)
  An orc (D:2)
  5 endoplasms (D:2)
  A giant cockroach (D:2)
  A goblin (D:2)
  4 hobgoblins
  6 kobolds
  2 ball pythons (D:1)
  5 bats
  2 frilled lizards
  2 rats (D:2)
37 creatures vanquished.

Notes
Turn   | Place    | Note
-------+----------+-------------------------------------------
     0 | D:1      | porpoise the Hill Orc Monk began the quest for the Orb.
     0 | D:1      | Reached XP level 1. HP: 19/19 MP: 1/1
   116 | D:1      | Reached XP level 2. HP: 27/27 MP: 2/2
   609 | D:2      | Reached XP level 3. HP: 33/33 MP: 3/3
   718 | D:2      | Reached skill level 5 in Axes
  1030 | D:2      | Reached XP level 4. HP: 36/41 MP: 4/4
  1201 | D:2      | Noticed Natasha
  1217 | D:2      | Killed Natasha
  1370 | D:2      | Noticed Natasha
  1388 | D:2      | Killed Natasha
  1389 | D:2      | Reached skill level 6 in Axes
  1402 | D:2      | Noticed Natasha
  1423 | D:2      | Killed from afar by Natasha

Illustrated notes

Levels and vault maps discovered:
D:1:      giann_bridges, layout_basic, minmay_vboxes
D:2:      layout_rooms, minmay_misc_feat_more_columns, fountainhead,
          minmay_liquid_box, kennysheep_generic_room_12, uniq_natasha

Skill      XL: |  1  2  3  4 |
---------------+-------------+-----
Fighting       | 4 |  4.8
Axes           | 5 6 |  6.2
Dodging        | |  2.4

Action                     |  1- 3 |  4- 6 || total
---------------------------+-------+-------++-------
  Melee: Hand axe          |    90 |    51 ||   141
 Armour: Robe              |    15 |     5 ||    20
  Dodge: Dodged            |    55 |    56 ||   111
  Block: Buckler           |    13 |    10 ||    23

Table legend: (Time is in decaauts)
 A = Elapsed time spent in this place.
 B = Non-inter-level travel time spent in this place.
 C = Inter-level travel time spent in this place.
 D = Time resting spent in this place.
 E = Time spent auto-exploring this place.
 F = Levels seen in this place.
 G = Mean time per level.
                   A        B        C        D        E       F      G
               +--------+--------+--------+--------+--------+-----+--------+
         Total |   1440 |   1336 |    104 |    344 |    648 |   2 |  720.0 |
       Dungeon |   1440 |   1336 |    104 |    344 |    648 |   2 |  720.0 |
               +--------+--------+--------+--------+--------+-----+--------+

Top non-repeatable levels by time:
     D:2: 800 daAuts
     D:1: 639 daAuts
